 Dungeon Crawl Stone Soup version 0.29-a0-730-g5686a2c4f1 (webtiles) character file.

Game seed: 6629729137377941781

46 dolemite99 the Grave Robber (level 3, -2/24 HPs)
             Began as a Demonspawn Necromancer on June 29, 2022.
             Was an Initiate of Yredelemnul.
             Killed by divine providence
             ... invoked by an orc priest
              (13 damage)
             ... on level 3 of the Dungeon.
             The game lasted 00:02:44 (2525 turns).

dolemite99 the Grave Robber (DsNe)                  Turns: 2525, Time: 00:02:44

Health: -2/24      AC:  5    Str:  8    XL:     3   Next: 44%
Magic:  5/6        EV: 12    Int: 18    God:    Yredelemnul [......]
Gold:   143        SH:  0    Dex: 13    Spells: 2/6 levels left

rFire   . . .      SeeInvis .   h - staff of air
rCold   . . .      Faith    .   (no shield)
rNeg    . . .      Spirit   .   a - +1 robe
rPois   .          Reflect  .   (no helmet)
rElec   +          Harm     .   (no cloak)
rCorr   .          Rampage  .   (no gloves)
Will    .....                   (no boots)
Stlth   ++........              (no amulet)
HPRegen 0.08/turn               (no ring)
MPRegen 0.10/turn               (no ring)

@: flying
A: icy blue scales 1
a: Renounce Religion, Recall Undead Harvest


You were on level 3 of the Dungeon.
You worshipped Yredelemnul.
Yredelemnul was noncommittal.
You visited 1 branch of the dungeon, and saw 3 of its levels.

You collected 143 gold pieces.

Inventory:

Hand Weapons
 f - a +0 sling
 j - a +1 mace of protection
 k - a +0 sling
Missiles
 g - 8 poisoned darts
Armour
 a - a +1 robe (worn)
 d - an orb of wrath
Magical Staves
 h - a staff of air (weapon)
Jewellery
 i - a ring of positive energy
Scrolls
 c - a scroll of enchant weapon {unknown}
 e - a scroll of torment {unknown}
Potions
 b - a potion of magic
 l - a potion of flight


   Skills:
 - Level 1.7 Dodging
 - Level 1.7 Stealth
 - Level 2.0 Spellcasting
 + Level 5.8 Necromancy


You had 2 spell levels left.
You knew the following spells:

 Your Spells              Type           Power      Damage    Failure   Level
a - Necrotize             Necr           88%        1d8       1%          1
b - Vampiric Draining     Necr           22%        2d7       4%          3

Your spell library contained the following spells:

 Spells                   Type           Power      Damage    Failure   Level
 Agony                    Necr           22%        N/A       41%         5
 Animate Armour           Summ/Erth      2%         N/A       87%         4
 Blade Hands              Tmut           0%         N/A       99%         5
 Iron Shot                Conj/Erth      0%         9d1       100%        6
 Animate Dead             Necr           Unusable   N/A       N/A         4

Dungeon Overview and Level Annotations

Branches:
Dungeon (3/15)

Altars:
Yredelemnul


Innate Abilities, Weirdness & Mutations

You are partially covered in icy blue scales. (AC +2)


Message History

Magic restored.
You now have 143 gold pieces (gained 6).
There are no items here.
An orc comes into view. It is wielding a +0 dagger.
Found 5 stones.
An orc and 2 orc priests come into view.
The orc shouts!
An orc comes into view. It is wielding a +0 dagger.
Casting: Necrotize (safe; 1% risk of failure)
Confirm with . or Enter, or press ? or * to list all spells.
Aiming: Necrotize (safe; 1% risk of failure)
Press: ? - help, Shift-Dir - straight line, f - orc priest
Aim: an orc priest, wielding a +0 falchion (ally target, chance to affect: 81%)
The orc priest writhes in agony.
The orc shouts!
The orc priest mumbles some strange prayers to Beogh against you.
Pain shoots through your body!
A hobgoblin comes into view.
An adder comes into view.
The orc priest hits your hobgoblin zombie with a +0 falchion.
The orc priest mumbles some strange prayers to Beogh against you.
Beogh smites you!
Casting: Necrotize (safe; 1% risk of failure)
Confirm with . or Enter, or press ? or * to list all spells.
Aiming: Necrotize (safe; 1% risk of failure)
Press: ? - help, Shift-Dir - straight line, f/p - orc priest
Aim: an orc priest, wielding a +0 falchion (heavily wounded, ally target, chance to affect: 81%) Really fire in your hobgoblin zombie's direction?
Okay, then.
Unknown command.
Okay, then.
It was a potion of flight.
You feel very buoyant.
You fly up into the air.
Your hobgoblin zombie misses the orc priest.
The orc priest mumbles some strange prayers to Beogh against you.
Beogh smites you!
Ouch! That really hurt!
You die...
Your body rises from the dead as a mindless zombie.

#. #.# #.# #$#
#.#######S.
#.....o..g.
#######...o.###.
.(.........Zooo..
######@....####.
#.....#
#######.....#
............#
#######.#####
#....#.########
#<...........
#<.#.########
#..#.#


You could see 2 orc priests, 3 orcs and a friendly hobgoblin zombie.

Vanquished Creatures
  A worm (D:2)
  A dart slug (D:1)
  3 ball pythons
  5 endoplasms
  A giant cockroach (D:2)
  A goblin (D:1)
  2 hobgoblins
  A quokka (D:2)
  6 bats
  A frilled lizard (D:2)
  3 kobolds
  6 rats
31 creatures vanquished.

Vanquished Creatures (collateral kills)
  A worm (D:2)
  An endoplasm (D:1)
  A hobgoblin (D:2)
  A kobold (D:2)
4 creatures vanquished.

Vanquished Creatures (others)
  A ball python zombie (D:2)
  An endoplasm zombie (D:2)
  2 fungi (D:1)
  5 plants (D:1)
9 creatures vanquished.

Grand Total: 44 creatures vanquished

Notes
Turn   | Place    | Note
-------+----------+-------------------------------------------
     0 | D:1      | dolemite99 the Demonspawn Necromancer began the quest for
                  | the Orb.
     0 | D:1      | Reached XP level 1. HP: 13/13 MP: 3/3
   549 | D:1      | Gained mutation: You are partially covered in icy blue
                  | scales. (AC +2) [demonic ancestry]
   549 | D:1      | Reached XP level 2. HP: 10/19 MP: 0/5
   741 | D:1      | Found a faded altar of an unknown god.
   775 | D:1      | Reached skill level 5 in Necromancy
  1801 | D:2      | Found a basalt altar of Yredelemnul.
  1810 | D:2      | Became a worshipper of Yredelemnul the Dark
  2004 | D:2      | Reached XP level 3. HP: 24/24 MP: 4/6
  2062 | D:2      | Reached * piety under Yredelemnul
  2068 | D:2      | Learned a level 3 spell: Vampiric Draining
  2281 | D:2      | Reached ** piety under Yredelemnul
  2525 | D:3      | Killed from afar by an orc priest

Illustrated notes

Levels and vault maps discovered:
D:1:      onia_arrival_pyramid, layout_basic, dreamdust_ecumenical_altar_grove
D:2:      layout_rooms, basic_altar, minivault_27
D:3:      layout_basic, mainiacjoe_overflow_alcove_2

Skill      XL: |  1  2 |
---------------+-------+-----
Necromancy     | 5 |  5.8
Dodging        | |  1.7
Stealth        | |  1.7
Spellcasting   | |  2.0

Action                   || total
-------------------------++-------
Melee: Staff             ||     2
 Cast: Necrotize         ||    63
  Use: Scroll            ||     2
       Potion            ||     1
Armor: Robe              ||     9
Dodge: Dodged            ||    24

Table legend: (Time is in decaauts)
 A = Elapsed time spent in this place.
 B = Non-inter-level travel time spent in this place.
 C = Inter-level travel time spent in this place.
 D = Time resting spent in this place.
 E = Time spent auto-exploring this place.
 F = Levels seen in this place.
 G = Mean time per level.
                   A        B        C        D        E       F      G
               +--------+--------+--------+--------+--------+-----+--------+
         Total |   2524 |   2505 |     19 |    565 |   1542 |   3 |  841.3 |
       Dungeon |   2524 |   2505 |     19 |    565 |   1542 |   3 |  841.3 |
               +--------+--------+--------+--------+--------+-----+--------+

Top non-repeatable levels by time:
     D:1: 1689 daAuts
     D:2: 789 daAuts
     D:3: 44 daAuts
